 Dungeon Crawl Stone Soup version 0.31-a0-229-g1fc7ce93e2 (webtiles) character file.

Game seed: 15419234200316942117

1199 qw the Skirmisher (level 8, -8/70 HPs)
             Began as a Minotaur Hexslinger on July 6, 2023.
             Was an Initiate of Okawaru.
             Mangled by a troll (9 damage)
             ... on level 6 of the Dungeon.
             The game lasted 00:01:49 (5756 turns).

qw the Skirmisher (Minotaur Hexslinger)             Turns: 5756, Time: 00:01:50

Health: -8/70      AC:  5    Str: 14    XL:     8   Next: 20%
Magic:  8/8        EV: 11    Int: 10    God:    Okawaru [......]
Gold:   566        SH:  0    Dex: 14    Spells: 8/9 levels left

rFire   . . .        Y - +1 longbow
rCold   . . .        (shield currently unavailable)
rNeg    . . .        d - +0 ring mail
rPois   .            (helmet restricted)
rElec   .            (no cloak)
rCorr   .            (no gloves)
SInv    .            (no boots)
Will    .....        (no amulet)
Stlth   +            (no ring)
HPRegen 0.31/turn    (no ring)
MPRegen 0.11/turn

%: no passive effects
@: no status effects
A: horns 2, retaliatory headbutt
a: Renounce Religion


You were on level 6 of the Dungeon.
You worshipped Okawaru.
Okawaru was noncommittal.
You visited 2 branches of the dungeon, and saw 7 of its levels.
You also visited: Ossuary.

You collected 566 gold pieces.


Innate Abilities, Weirdness & Mutations

You have a pair of horns on your head.
You reflexively headbutt those who attack you in melee.


   Skills:
 + Level 5.8 Fighting
 - Level 9.1 Ranged Weapons
 - Level 2.0 Armour
 - Level 2.1 Dodging
 - Level 1.0 Spellcasting
 - Level 2.0 Hexes
 - Level 1.8 Invocations


You had 8 spell levels left.
You knew the following spells:

 Your Spells              Type           Power      Damage    Failure   Level
a - Slow                  Hex            16%        N/A       30%         1

Your spell library contained the following spells:

 Spells                   Type           Power      Damage    Failure   Level
 Inner Flame              Hex/Fire       2%         N/A       80%         3
 Portal Projectile        Hex/Tloc       4%         N/A       80%         3
 Cause Fear               Hex            2%         N/A       96%         4

Inventory:

Hand Weapons
 Y - a +1 longbow (weapon)
Armour
 d - a +0 ring mail (worn)
 h - a +1 ring mail of willpower
Jewellery
 k - an amulet of the acrobat
Scrolls
 f - 3 scrolls of identify
 l - a scroll of silence {unknown}
 m - a scroll of butterflies {unknown}
Potions
 a - a potion of curing
 b - 3 potions of enlightenment
 c - a potion of might
 e - a potion of haste
 g - 3 potions of magic
 i - a potion of mutation {unknown}
 j - a potion of cancellation

Dungeon Overview and Level Annotations

Branches:
Dungeon (6/15)             Temple (1/1) D:4         Ossuary (visited)

Altars:
Ashenzari
Cheibriados
Dithmenos
Elyvilon
Fedhas
Gozag
Hepliaklqana
Kikubaaqudgha
Nemelex Xobeh
Okawaru
Ru
Sif Muna
Trog
Uskayaw
Vehumet
Wu Jian
Xom
Yredelemnul
Zin
The Shining One

Shops:
D:1 :   D:4 (

Annotations:
D:3 3 runed translucent doors, qw's ghost, amateur GrFi


Message History

You see here a scroll of vulnerability.
A troll comes into view.
The troll shouts!
Enter note:
Enter note:
Enter note:
Enter note:
Enter note:
Enter note:
Enter note:
Enter note:
Enter note:
Enter note:
Enter note:
Enter note: You shoot an arrow.
The arrow hits the troll.
The troll is lightly wounded.
You shoot an arrow. The arrow hits the troll!
The troll is moderately wounded.
You shoot an arrow. The arrow completely misses the troll.
You shoot an arrow. The arrow barely misses the troll.
The troll bites you! The troll claws you! The troll claws you.
You shoot an arrow. The arrow hits the troll!
The troll is moderately wounded.
The troll bites you but does no damage. The troll completely misses you.
The troll closely misses you.
You shoot an arrow. The arrow barely misses the troll.
The troll barely misses you. The troll closely misses you. The troll claws you!
You shoot an arrow. The arrow closely misses the troll.
The troll bites you. The troll claws you but does no damage.
The troll claws you! The troll barely misses you.
The troll claws you but does no damage. The troll claws you!
You shoot an arrow. The arrow hits the troll!
The troll is severely wounded.
The troll barely misses you. The troll claws you but does no damage.
The troll claws you!
You shoot an arrow. The arrow barely misses the troll.
The troll bites you but does no damage. The troll misses you.
The troll claws you!
You die...

# .## ##.# .##
..# #..##
..##..# ##...#
#.....# ##....#
# ##.....#
##.....## ..###
#.....#
#.......#
....###.T..#
#.......#
#.....@.#
##.......##
##.....##
##..........
#....##
###...........
#...##
##......).####.
#...#
#........## ##
#...#
#.......## #
#...# ##.....##
## #...##
###.### ##.
#....## ###
###..


You could see a troll.

Vanquished Creatures
  A sky beast (D:6)
  A black bear (D:4)
  A centaur (D:6)
  An ogre (D:5)
  2 phantoms
  A gnoll sergeant (D:5)
  A scorpion (D:5)
  3 hounds
  3 jellies
  An iguana (D:4)
  2 orc wizards
  8 mummies (Ossuary)
  Robin (D:4)
  3 gnolls (D:5)
  7 adders
  A white imp (D:5)
  2 ufetubi
  A worm (D:4)
  11 orcs
  6 bats
  8 endoplasms
  4 giant cockroaches
  13 goblins
  9 hobgoblins
  7 kobolds
  3 quokkas
  9 ball pythons
  A frilled lizard (D:1)
  A goblin zombie (D:5)
  2 hobgoblin zombies (Ossuary)
  5 kobold zombies (Ossuary)
  An orc zombie (Ossuary)
  6 rats
  A rat zombie (D:5)
127 creatures vanquished.

Notes
Turn   | Place    | Note
-------+----------+-------------------------------------------
     0 | D:1      | qw the Minotaur Hexslinger began the quest for the Orb.
     0 | D:1      | Reached XP level 1. HP: 16/16 MP: 1/1
     0 | D:1      | 0 ||| qw: Version: 0.3-a-46-gb1f654a
     0 | D:1      | 0 ||| qw: Game counter: 1505
     0 | D:1      | 0 ||| qw: Melee chars always use a shield: true
     0 | D:1      | 0 ||| qw: God list: Okawaru
     0 | D:1      | 0 ||| qw: Allow faded altars: false
     0 | D:1      | 0 ||| qw: Do Orc after clearing Dungeon:15 true
     0 | D:1      | 0 ||| qw: Do second Lair branch before Depths: true
     0 | D:1      | 0 ||| qw: Lair rune preference: random
     0 | D:1      | 0 ||| qw: Goals: Normal
     0 | D:1      | 0 ||| PLANNING D:1-11
    95 | D:1      | Reached skill level 3 in Ranged Weapons
    95 | D:1      | Reached XP level 2. HP: 23/23 MP: 2/2
   362 | D:1      | Found Vomacyv's Book Shoppe.
   433 | D:1      | Reached XP level 3. HP: 29/29 MP: 3/3
   667 | D:1      | 667 ||| READING scroll labelled OSOTESTOFEGH.
   668 | D:1      | 668 ||| READING scroll labelled CILOSS HIATE.
   673 | D:1      | 673 ||| READING scroll labelled VITU GORUOFU.
   674 | D:1      | 674 ||| DROPPING scroll of poison.
   689 | D:2      | Reached skill level 4 in Ranged Weapons
  1181 | D:2      | 1181 ||| READING scroll labelled GOAVIP SEHITH.
  1182 | D:2      | 1182 ||| READING scroll labelled XEIDGH CUCREB.
  1196 | D:3      | Noticed qw's ghost (amateur GrFi)
  1197 | D:3      | 1197 ||| PLANNING SEWER
  1268 | D:3      | Reached XP level 4. HP: 36/36 MP: 4/4
  1275 | D:3      | Found a runed translucent gate.
  1275 | D:3      | Found a runed translucent gate.
  1275 | D:3      | Found a runed translucent gate.
  1392 | D:3      | HP: 7/36 [something (4)]
  1393 | D:3      | 1393 ||| READING scroll of teleportation.
  1394 | D:3      | HP: 2/36 [something (2)]
  1395 | D:3      | Found a faded altar of an unknown god.
  1521 | D:3      | HP: 9/36 [orc wizard/magic dart (5)]
  1527 | D:3      | Reached skill level 5 in Ranged Weapons
  1897 | D:3      | 1897 ||| RIP SEWER
  1905 | D:3      | 1905 ||| PLANNING D:1-11
  2220 | D:3      | 2220 ||| UPGRADING to +0 ring mail.
  2230 | D:3      | 2230 ||| DROPPING +0 robe.
  2231 | D:3      | 2231 ||| READING scroll labelled ZEILLU PAJOTERGH.
  2232 | D:3      | 2232 ||| READING scroll labelled INYOMOZECH.
  2233 | D:3      | 2233 ||| READING 2 scrolls of identify.
  2233 | D:3      | 2233 ||| IDENTIFYING glowing grey potion
  2356 | D:4      | 2356 ||| SWAPPING to +0 longbow.
  2357 | D:4      | 2357 ||| DROPPING +1 sling of freezing.
  2363 | D:4      | Reached skill level 1 in Armour
  2363 | D:4      | Reached XP level 5. HP: 29/42 MP: 5/5
  2412 | D:4      | Found a staircase to the Ecumenical Temple.
  2413 | D:4      | 2413 ||| PLANNING TEMPLE
  2413 | D:4      | 2413 ||| READING scroll labelled GEPI RAG GIRO.
  2414 | D:4      | 2414 ||| READING scroll labelled GOXEON INAL.
  2415 | D:4      | 2415 ||| DRINKING 2 brown potions.
  2418 | D:4      | Reached skill level 3 in Fighting
  2427 | Temple   | Entered the Ecumenical Temple
  2538 | Temple   | 2538 ||| PLANNING D:1-11
  2556 | D:4      | Noticed a phantom
  2562 | D:4      | Killed a phantom
  2563 | D:4      | Reached skill level 6 in Ranged Weapons
  2563 | D:4      | Reached XP level 6. HP: 49/51 MP: 6/6
  2815 | D:4      | Found Koidaiph's Antique Weapon Shoppe.
  2815 | D:4      | Noticed Robin
  2829 | D:4      | Killed Robin
  2830 | D:4      | HP: 13/52 [goblin/+0 dagger[Robin] (1)]
  2831 | D:4      | 2831 ||| READING scroll of teleportation.
  2860 | D:4      | 2860 ||| FLEEEEING.
  2861 | D:4      | 2861 ||| FLEEEEING.
  2862 | D:4      | 2862 ||| FLEEEEING.
  2868 | D:4      | 2868 ||| FLEEEEING.
  2869 | D:4      | 2869 ||| FLEEEEING.
  2870 | D:4      | 2870 ||| FLEEEEING.
  2871 | D:4      | 2871 ||| FLEEEEING.
  2875 | D:4      | 2875 ||| FLEEEEING.
  2876 | D:4      | 2876 ||| FLEEEEING.
  2877 | D:4      | 2877 ||| FLEEEEING.
  2878 | D:4      | 2878 ||| FLEEEEING.
  2879 | D:4      | 2879 ||| FLEEEEING.
  2880 | D:4      | 2880 ||| STAIRDANCE
  3053 | D:4      | Found an iron altar of Okawaru.
  3054 | D:4      | 3054 ||| PLANNING OKAWARU WORSHIP
  3057 | D:4      | Became a worshipper of Warmaster Okawaru
  3058 | D:4      | 3058 ||| PLANNING D:1-11
  3061 | D:4      | Found a blossoming altar of Fedhas.
  3066 | D:4      | Found an ancient bone altar of Kikubaaqudgha.
  3283 | D:4      | 3283 ||| FLEEEEING.
  3286 | D:4      | 3286 ||| FLEEEEING.
  3287 | D:4      | 3287 ||| FLEEEEING.
  3288 | D:4      | 3288 ||| FLEEEEING.
  3289 | D:4      | 3289 ||| FLEEEEING.
  3457 | D:4      | 3457 ||| READING scroll labelled SEASKU JIEGESM.
  3458 | D:4      | 3458 ||| READING scroll labelled JOFIR INAJI.
  3474 | D:5      | Entered Level 5 of the Dungeon
  3475 | D:5      | 3475 ||| PLANNING OSSUARY
  3635 | D:5      | Reached skill level 7 in Ranged Weapons
  3674 | D:5      | Reached XP level 7. HP: 59/59 MP: 7/7
  3703 | D:5      | Reached skill level 8 in Ranged Weapons
  3721 | D:5      | 3721 ||| FLEEEEING.
  3744 | D:5      | Reached * piety under Okawaru
  3751 | D:5      | 3751 ||| INVOKING Heroism.
  3919 | D:5      | Found a sand-covered staircase.
  3920 | D:5      | 3920 ||| READING scroll labelled FED TAWKUZA.
  3921 | D:5      | 3921 ||| DRINKING 2 blue potions.
  3922 | D:5      | 3922 ||| READING 3 scrolls of identify.
  3922 | D:5      | 3922 ||| IDENTIFYING dark potion
  3923 | D:5      | 3923 ||| READING 2 scrolls of identify.
  3923 | D:5      | 3923 ||| IDENTIFYING black potion
  3924 | D:5      | 3924 ||| DROPPING potion of lignification.
  3935 | Ossuary  | Entered an ossuary
  3965 | Ossuary  | 3965 ||| INVOKING Heroism.
  3969 | Ossuary  | HP: 4/61 [mummy (13)]
  4289 | Ossuary  | 4289 ||| READING scroll labelled QANASO UTOI.
  4290 | Ossuary  | 4290 ||| DRINKING 2 fuming blue potions.
  4291 | Ossuary  | 4291 ||| DRINKING 2 fizzy red potions.
  4292 | Ossuary  | 4292 ||| READING 3 scrolls of identify.
  4292 | Ossuary  | 4292 ||| IDENTIFYING metallic orange potion
  4293 | Ossuary  | 4293 ||| READING 2 scrolls of identify.
  4293 | Ossuary  | 4293 ||| IDENTIFYING glowing cyan potion
  4294 | Ossuary  | 4294 ||| DROPPING potion of brilliance.
  4295 | Ossuary  | 4295 ||| DROPPING potion of ambrosia.
  4315 | D:5      | 4315 ||| PLANNING D:1-11
  4508 | D:5      | Found a glowing golden altar of the Shining One.
  4508 | D:5      | Found a white marble altar of Elyvilon.
  4509 | D:5      | Found a glowing silver altar of Zin.
  4753 | D:6      | 4753 ||| INVOKING Heroism.
  4762 | D:6      | HP: 11/61 [something (6)]
  4764 | D:6      | Reached skill level 9 in Ranged Weapons
  4764 | D:6      | Reached skill level 1 in Invocations
  4764 | D:6      | Reached XP level 8. HP: 13/68 MP: 6/8
  5084 | D:6      | 5084 ||| INVOKING Heroism.
  5308 | D:6      | 5308 ||| INVOKING Heroism.
  5540 | D:6      | 5540 ||| INVOKING Heroism.
  5747 | D:6      | Noticed a troll
  5754 | D:6      | HP: 13/70 [troll (11)]
  5755 | D:6      | HP: 1/70 [troll (13)]
  5756 | D:6      | Mangled by a troll

Levels and vault maps discovered:
D:1:      roderic_octagonal_star, layout_loops_ring, serial_shops,
          nicolae_shop_stone
D:2:      layout_basic, minmay_misc_feat_roman
D:3:      layout_basic, portal_sewer_entry_d,
          chequers_ecumenical_altar_simple_redux, gammafunk_ghost_split
D:4:      nicolae_BIG_FREAKIN_CUBE, layout_basic, grunt_temple_overflow_diamond,
          minmay_temple_entry_large_hall, serial_shops,
          nicolae_shop_advertising_works [nicolae_subvault_shop_adworks],
          uniq_robin
D:5:      layout_basic, good_gods_temple_1, enter_ossuary_4,
          minmay_misc_feat_more_columns, minmay_misc_feat_enclosed
D:6:      layout_layer_cave
Temple:   nicolae_temple_two_arcs

Skill      XL: |  1  2  3  4  5  6  7  8 |
---------------+-------------------------+-----
Ranged Weapons | 3 4 5 6 7 9 |  9.1
Fighting       | 2 3 4 5 |  5.8
Armour         | 1 2 |  2.0
Invocations    | 1 |  1.8
Dodging        | |  2.1
Spellcasting   | |  1.0
Hexes          | |  2.0

Action                     |  1- 3 |  4- 6 |  7- 9 || total
---------------------------+-------+-------+-------++-------
   Fire: Sling             |    80 |    61 |       ||   141
         Longbow           |       |    79 |   139 ||   218
 Invoke: Heroism           |       |       |     6 ||     6
    Use: Scroll            |     5 |     9 |     6 ||    20
         Potion            |       |     1 |     3 ||     4
 Armour: Robe              |     9 |     5 |       ||    14
         Ring mail         |       |    22 |    29 ||    51
  Dodge: Dodged            |    14 |    64 |    51 ||   129

Table legend:
 A = Non-vault XP
 B = Vault XP
 C = Vault XP percentage of total XP
 D = Non-vault monster count
 E = Vault monster count
 F = Vault count percentage of total count
                 A         B        C        D         E       F
            +---------+---------+-------+---------+---------+-------
      Total |    1507 |     207 |  12.1 |      95 |      32 |  25.2
            +---------+---------+-------+---------+---------+-------
        D:1 |      46 |       0 |   0.0 |      29 |       0 |   0.0
        D:2 |      37 |       0 |   0.0 |       8 |       0 |   0.0
        D:3 |      89 |      13 |  12.7 |      20 |       1 |   4.8
        D:4 |     414 |      39 |   8.6 |      14 |      13 |  48.1
        D:5 |     455 |       2 |   0.4 |      14 |       2 |  12.5
        D:6 |     466 |       0 |   0.0 |      10 |       0 |   0.0
    Ossuary |       0 |     153 | 100.0 |       0 |      16 | 100.0
            +---------+---------+-------+---------+---------+-------
